[Event "Pavlodar Open 2018"]
[Site "Pavlodar"]
[Date "2018.11.27"]
[Round "6"]
[White "Burmakin, Vladimir"]
[Black "Kargin, Arseny"]
[Result "1/2-1/2"]
[ECO "A07"]
[WhiteElo "2531"]
[BlackElo "2411"]
[Annotator "RC"]
[PlyCount "37"]
[EventDate "2018.11.23"]
[EventType "swiss"]
[EventCountry "KAZ"]
[SourceTitle "playchess.com"]
[Source "ChessBase"]
[SourceQuality "1"]
[TimeControl "5400+30"]

1. Nf3 d5 2. c4 d4 3. g3 Nc6 4. Bg2 e5 5. O-O Nf6 6. e3 h6 7. exd4 e4 8. Re1 Be7 9. Ne5 Nxd4 10. d3 exd3 11. Re3 Bf5 12. Bxb7 O-O 13. Nc3 Rb8 14. Bg2 Re8 15. g4 Bd6 16. gxf5 Bxe5 17. Rxd3 c5 18. Nb5 a6 {[%emt 0:04:06] Nxd4Bxd4 [%clk 0:15:38]} 19. Be3 {[%emt 0:03:53] Rxb2 [%clk 0:15:55]} 1/2-1/2

[Event "Pavlodar Open 2018"]
[Site "Pavlodar"]
[Date "2018.11.30"]
[Round "9"]
[White "Mirzoev, Azer"]
[Black "Zubarev, Alexander"]
[Result "1/2-1/2"]
[ECO "B07"]
[WhiteElo "2489"]
[BlackElo "2484"]
[Annotator "RC"]
[PlyCount "93"]
[EventDate "2018.11.23"]
[EventType "swiss"]
[EventCountry "KAZ"]
[SourceTitle "playchess.com"]
[Source "ChessBase"]
[SourceQuality "1"]
[TimeControl "5400+30"]

1. d4 d6 2. Nf3 g6 3. e4 Nf6 4. Bd3 Bg7 5. O-O O-O 6. c3 c5 7. h3 Nfd7 8. Re1 Na6 9. Bg5 Nc7 10. Nbd2 b5 11. Qe2 Ne6 12. Be3 b4 13. d5 bxc3 14. dxe6 cxd2 15. exf7+ Rxf7 16. Bxd2 Ne5 17. Nxe5 Bxe5 18. Bc4 e6 19. Bc3 Bxc3 20. bxc3 Rb8 21. a4 Qd7 22. a5 Bb7 23. Rab1 d5 24. a6 dxc4 25. Qxc4 Qd6 26. axb7 Rbxb7 27. Rbd1 Qe5 28. Re2 Rfd7 29. Rf1 Kg7 30. g3 g5 31. Kg2 Rf7 32. Ra1 h5 33. Qd3 Rbd7 34. Qe3 c4 35. Rd2 Rxd2 36. Qxd2 Qxe4+ 37. Kg1 Qd5 38. Qe2 h4 39. g4 Rf3 40. Rxa7+ Kg6 41. Rd7 Qxd7 42. Qxf3 Qb5 43. Qe4+ Kf6 44. Qd4+ Kg6 45. Qe4+ Kf6 46. Qf3+ Kg6 47. Qe4+ 1/2-1/2